 Dungeon Crawl Stone Soup version 0.24.0-125-gc4c63601f3 (webtiles) character file.

Game seed: 7934157911430059961, levelgen mode: deterministic

33 straycat the Sneak (level 3, 0/21 HPs)
             Began as a Vampire Wanderer on Mar 6, 2020.
             Slain by a worm (11 damage)
             ... on level 2 of the Dungeon.
             The game lasted 00:04:49 (1328 turns).

straycat the Sneak (Vampire Wanderer)               Turns: 1328, Time: 00:04:49

Health: 0/21       AC:  2    Str: 11    XL:     3   Next: 12%
Magic:  3/3        EV: 12    Int: 15    God:
Gold:   52         SH:  0    Dex: 13    Spells: 2/2 levels left

rFire    . . .     SeeInvis +   a - +2 short sword
rCold    + + .     Gourm    .   (no shield)
rNeg     + + +     Faith    .   d - +0 robe
rPois    ∞         Spirit   .   (no helmet)
rElec    .         Reflect  .   (no cloak)
rCorr    .         Harm     .   (no gloves)
MR       .....                  (no boots)
Stlth    ++++......             (no amulet)
HPRegen  0.00/turn              (no ring)
MPRegen  0.08/turn              (no ring)

@: bloodless
A: no food, fangs 3, see invisible, unbreathing
a: Bat Form, Revivify


You were on level 2 of the Dungeon.
You were bloodless.

You visited 1 branch of the dungeon, and saw 2 of its levels.

You collected 52 gold pieces.

Inventory:

Hand Weapons
 a - a +2 short sword (weapon)
 b - a +0 falchion
 o - a cursed -2 whip
Missiles
 m - 7 boomerangs of dispersal (quivered)
Armour
 d - a +0 robe (worn)
Jewellery
 h - an uncursed ring of protection from fire {unknown}
 j - a cursed -2 ring of protection {unknown}
 l - an uncursed ring of ice {unknown}
Scrolls
 e - a scroll of enchant weapon {unknown}
 f - a scroll of identify {unknown}
 i - a scroll of teleportation {unknown}
 k - 2 scrolls of remove curse {unknown}
 n - a scroll of magic mapping {unknown}
Potions
 c - 2 potions of curing
 g - a potion of haste {unknown}
 p - a potion of lignification {unknown}


   Skills:
 * Level 2.1 Fighting
 - Level 2.1 Short Blades
 - Level 1.5 Maces & Flails
 - Level 1.0 Armour
 - Level 2.1 Dodging
 - Level 3.0 Stealth
 + Level 1.3 Unarmed Combat
   Level 1.0 Evocations


You had 2 spell levels left.
You didn't know any spells.
Your spell library was empty.

Dungeon Overview and Level Annotations

Branches:
Dungeon (2/15)

Altars:


Innate Abilities, Weirdness & Mutations

You do not eat.
You do not regenerate when monsters are visible.
You are frail without blood (-20% HP).
You can heal yourself when you bite living creatures.
You are immune to poison.
You have razor-sharp teeth.
You have supernaturally acute eyesight. (SInv)
You can survive without breathing.


Message History

You see here a bat corpse.
A worm comes into view.
Found a silvery potion.
Found a ration.
The helpless worm fails to defend itself.
You puncture the worm!
The worm is heavily wounded.
You hit the worm.
The worm is severely wounded.
The worm closely misses you.
You hit the worm.
The worm is severely wounded.
You hit the worm but do no damage.
The worm is severely wounded.
The worm bites you!
You hit the worm. Your bite misses the worm.
The worm is severely wounded.
The worm bites you!
Ouch! That really hurt!
You die...

........#
#######.# ...#
#.# ##.#.# #.#
##...#. ####
#.####..... ...
#.# ......# ...
######.#
#.#..##.#
#......#
#...#w###..%
#.######
#..@..!.... #.#
#.# #.....##...
#.# #.# #.###.#
#.# #.# #.# .#
#.# #.# #.# #
#.# #.# #.# #.#
#.# #.# #.#
#.####.#
#.######..†...#


You could see a worm.

Vanquished Creatures
  2 leopard geckos
  4 giant cockroaches (D:1)
  10 hobgoblins (D:1)
  A ball python (D:2)
  2 bats
  2 goblins (D:1)
  A kobold (D:1)
  6 rats
28 creatures vanquished.

Notes
Turn   | Place    | Note
-------+----------+-------------------------------------------
     0 | D:1      | straycat the Vampire Wanderer began the quest for the Orb.
     0 | D:1      | straycat set off with the following items: a +2 short
                  | sword, a +0 falchion, a potion of curing, a +0 robe, a +0
                  | dagger
     0 | D:1      | Reached XP level 1. HP: 13/13 MP: 1/1
    86 | D:1      | Reached skill level 1 in Fighting
   147 | D:1      | Reached XP level 2. HP: 16/16 MP: 2/2
   500 | D:1      | Reached skill level 1 in Unarmed Combat
   904 | D:1      | Reached XP level 3. HP: 21/21 MP: 3/3
  1328 | D:2      | Slain by a worm

Levels and vault maps discovered:
D:1:      dpeg_arrival_arbitrary_c, layout_basic
D:2:      lemuel_upstairs_altar, layout_loops_ring

Skill      XL: |  1  2 |
---------------+-------+-----
Fighting       | 1 2 |  2.1
Unarmed Combat | 1 |  1.3
Short Blades   | |  2.1
Maces & Flails | |  1.5
Armour         | |  1.0
Dodging        | |  2.1
Stealth        | |  3.0
Evocations     | |  1.0

Action                   || total
-------------------------++-------
Melee: Short sword       ||    68
       Bite              ||     2
 Abil: Exsanguinate      ||     1
 Stab: Sleeping          ||     7
Armor: Robe              ||     9
Dodge: Dodged            ||    32
